 Dungeon Crawl Stone Soup version 0.29-a0-393-g47a863cc1b (webtiles) character file.

Game seed: 1948591871399280614

13437 ytrimaz the Spear-Bearer (level 11, -3/86 HPs)
             Began as a Demonspawn Monk on May 10, 2022.
             Was an Elder of Dithmenos.
             Slain by a sixfirhy (12 damage)
             ... summoned by an orc high priest
             ... on level 1 of the Orcish Mines.
             The game lasted 00:21:12 (10841 turns).

ytrimaz the Spear-Bearer (Demonspawn Monk)         Turns: 10841, Time: 00:21:13

Health: -3/86      AC: 24    Str: 15    XL:     11   Next: 75%
Magic:  15/16      EV: 13    Int: 13    God:    Dithmenos [****..]
Gold:   1316       SH:  0    Dex: 19    Spells: 10/10 levels left

rFire   + . .      SeeInvis +   N - +1 bardiche (protect)
rCold   + + +      Faith    .   (shield currently unavailable)
rNeg    . . .      Spirit   .   h - +4 ring mail of the Undertaker {*Slow rC+++ Dex+4 SInv}
rPois   .          Reflect  .   (no helmet)
rElec   .          Harm     .   F - +2 cloak
rCorr   .          Rampage  .   (no gloves)
Will    .....                   (no boots)
Stlth   ++++......              k - amulet of regeneration
HPRegen 1.04/turn               n - ring of protection from fire
MPRegen 0.15/turn               s - ring of protection from cold

@: under a protective aura, wreathed by umbra
A: hooves 1, thin metallic scales 2, spiny 1, demonic magic 1
a: Renounce Religion, Shadow Step


You were on level 1 of the Orcish Mines.
You worshipped Dithmenos.
Dithmenos was greatly pleased with you.
You visited 4 branches of the dungeon, and saw 14 of its levels.
You also visited: Ossuary.

You collected 1470 gold pieces.
You spent 154 gold pieces at shops.

Inventory:

Hand Weapons
 a - a +1 spear of electrocution
 r - a +0 trident
 I - a +2 trident of protection
 J - a +0 glaive
 N - a +1 bardiche of protection (weapon)
Missiles
 q - a throwing net (quivered)
Armour
 d - a +0 plate armour
 h - the +4 ring mail of the Undertaker (worn) {*Slow rC+++ Dex+4 SInv}
   (You found it on level 2 of the Dungeon)

   Dex:       It affects your dexterity (+4).
   rC:        It renders you almost immune to cold.
   SInv:      It lets you see invisible.
   *Slow:     It may slow you when you take damage.
 o - a +1 cloak
 y - +0 steam dragon scales
 F - a +2 cloak (worn)
 K - a +0 troll leather armour
Jewellery
 k - an amulet of regeneration (around neck)
 n - a ring of protection from fire (left hand)
 s - a ring of protection from cold (right hand)
 t - an amulet of reflection
 E - a ring of protection from fire
Wands
 x - a wand of iceblast (11)
 B - a wand of acid (13)
Scrolls
 b - 3 scrolls of enchant weapon
 m - 13 scrolls of teleportation
 p - a scroll of poison
 w - a scroll of immolation
 C - a scroll of magic mapping
 D - a scroll of fear
 G - 12 scrolls of identify
Potions
 c - 3 potions of ambrosia
 e - 2 potions of heal wounds
 g - 3 potions of lignification
 i - a potion of invisibility
 j - 3 potions of haste
 l - a potion of resistance
 u - 2 potions of curing
 v - 2 potions of attraction
 z - 2 potions of flight
 A - 2 potions of mutation
 L - 2 potions of brilliance {unknown}
Miscellaneous
 M - a phantom mirror (inert)


   Skills:
 + Level 8.0 Fighting
 + Level 11.0 Polearms
 * Level 8.9 Armour
 - Level 5.1 Dodging
 * Level 6.0 Stealth
 * Level 6.7 Invocations


You had 10 spell levels left.
You didn't know any spells.
Your spell library contained the following spells:

 Spells                   Type           Power      Damage    Failure   Level
 Beastly Appendage        Tmut           0%         N/A       47%         1
 Shock                    Conj/Air       0%         1d3       47%         1
 Sting                    Tmut/Pois      0%         1d3       47%         1
 Summon Small Mammal      Summ           0%         N/A       47%         1
 Ensorcelled Hibernation  Hex/Ice        0%         N/A       63%         2
 Passwall                 Tmut/Erth      0%         N/A       63%         2
 Poisonous Vapours        Pois/Air       0%         N/A       63%         2
 Scorch                   Fire           0%         2d5       63%         2
 Wereblood                Tmut           0%         N/A       63%         2
 Call Canine Familiar     Summ           0%         N/A       85%         3
 Ozocubu's Armour         Ice            0%         N/A       85%         3
 Spider Form              Tmut/Pois      0%         N/A       85%         3
 Summon Guardian Golem    Hex/Summ       0%         N/A       85%         3
 Swiftness                Air            0%         N/A       85%         3
 Airstrike                Air            0%         N/A       99%         4
 Olgreb's Toxic Radiance  Pois           0%         N/A       99%         4
 Petrify                  Tmut/Erth      0%         N/A       99%         4
 Metabolic Englaciation   Hex/Ice        0%         N/A       100%        5
 Statue Form              Tmut/Erth      0%         N/A       100%        6
 Malign Gateway           Summ/Tloc      0%         N/A       100%        7
 Ignition                 Fire           0%         3d3       100%        8
 Summon Horrible Things   Summ           0%         N/A       100%        8


Dungeon Overview and Level Annotations

Branches:
Dungeon (11/15)            Temple (1/1) D:7            Lair (1/6) D:8
    Orc (1/2) D:9         Ossuary (visited)

Altars:
Ashenzari
Cheibriados
Dithmenos
Elyvilon
Fedhas
Gozag
Hepliaklqana
Kikubaaqudgha
Makhleb
Nemelex Xobeh
Okawaru
Qazlal
Ru
Sif Muna
Trog
Uskayaw
Vehumet
Wu Jian
Xom
Yredelemnul
Zin
The Shining One

Shops:
D:5 =!   D:7 (   D:11 ***   Orc:1 ?

Annotations:
D:10 3 runed translucent doors, sirJeffrey23's ghost, journeyman DsMo


Innate Abilities, Weirdness & Mutations

You have large cloven feet.
You are mostly covered in thin metallic scales. (AC +3)
You are partially covered in sharp spines.
Spells you cast may paralyse adjacent enemies.


Message History

* * * LOW HITPOINT WARNING * * *
The warg misses you. The troll barely misses you. x2
The troll claws you but does no damage.
The orc high priest hits you but does no damage.
The orc warlord roars a battlecry!
The orc goes into a battle-frenzy!
Unknown command.
Really read the scroll of immolation?
Okay, then.
Really read the scroll of poison?
Okay, then.
Okay, then.
Really read the scroll of poison?
The air fills with toxic fumes!
As you read the scroll of poison, it crumbles to dust.
The warg is struck by your spines. The warg bites you!
* * * LOW HITPOINT WARNING * * *
The troll barely misses you.
The troll claws you but does no damage. x2
The orc warlord hits you but does no damage.
The troll barely misses you. The troll closely misses you.
The troll claws you but does no damage. The orc closely misses you.
The orc high priest prays to Beogh.
The orc sorcerer is struck by your spines.
You kill the orc sorcerer!
Dithmenos accepts your kill.
The sun demon disappears in a puff of smoke!
Your Stealth skill increases to level 6!
Really read the scroll of immolation?
As you read the scroll of immolation, it crumbles to dust.
The creatures around you are filled with an inner flame!
The sixfirhy is engulfed in poison gas.
The sixfirhy is poisoned.
Flame seeps out of the sixfirhy.
The sixfirhy closely misses you. The warg is struck by your spines.
Flame seeps out of the warg.
The warg bites you.
* * * LOW HITPOINT WARNING * * *
The sixfirhy is struck by your spines.
Flame seeps out of the sixfirhy.
The sixfirhy hits you!
* * * LOW HITPOINT WARNING * * *
The sixfirhy shocks you!
You die...

...#..##......#
......#§§....#
#..#.#.§§)..#
##.....#§§####
....§..###§###
.....§§§.#§.o§##
.....§§.o##§o§§#
.....§§o3o§)oT##
$...§§§§4oh@## >
##..§§§O≈oT3§#
..#...§§§§4§§o§##
.#....§§§§§§§§§§#
......§§§§§§§§§§§#
......§§§§§§§§§§§#
......§§§§§§§§§§§§#
#.....§§§§§§§§§§§§§
##..........#......


You could see an orc warlord (inner flame), an orc high priest (inner flame,
strong), a sun demon (summoned, inner flame), an orange demon (summoned, inner
flame), a hellwing (summoned, inner flame), 2 trolls, a sixfirhy (summoned,
inner flame, poisoned), a warg (inner flame), an orc sorcerer (inner flame,
strong), 2 orc warriors, an ogre (inner flame) and 4 orcs.

Vanquished Creatures
  3 two-headed ogres
  Amaemon (D:9)
  2 orc sorcerers (Orc:1)
  2 cyclopes (D:11)
  A gargoyle (D:11)
  An orange demon (D:9)
  Maggie (D:8)
  4 trolls
  3 wraiths
  2 shadows
  8 yaks
  Eustachio (D:6)
  5 steam dragons
  A water moccasin (D:7)
  4 wargs
  An acid dragon (D:10)
  5 orc warriors
  2 ice beasts
  An ogre (Orc:1)
  4 centaurs (D:11)
  3 phantoms
  An elf zombie (Ossuary)
  2 kobold brigands
  2 bullfrogs
  A necrophage (D:6)
  A gnoll sergeant (D:10)
  3 scorpions
  12 wights
  6 killer bees (D:9)
  A howler monkey (D:10)
  2 lava snakes (D:8)
  A centaur zombie (Ossuary)
  2 human zombies (Ossuary)
  A jelly (D:4)
  6 orc priests
  3 hounds
  4 iguanas
  Terence (D:3)
  12 orc wizards
  2 mummies (Ossuary)
  9 gnolls
  4 adders
  4 white imps
  2 ufetubi
  An adder zombie (Ossuary)
  3 worms
  3 dart slugs
  47 orcs
  5 bats
  7 endoplasms
  4 giant cockroaches
  11 goblins
  18 hobgoblins
  3 jackals (D:2)
  3 quokkas
  7 ball pythons
  7 frilled lizards
  A goblin zombie (Ossuary)
  8 hobgoblin zombies (Ossuary)
  3 jackal zombies (Ossuary)
  28 kobolds
  13 kobold zombies (Ossuary)
  6 orc zombies (Ossuary)
  9 rats
  A rat zombie (Ossuary)
325 creatures vanquished.

Vanquished Creatures (collateral kills)
  A two-headed ogre (D:11)
1 creature vanquished.

Vanquished Creatures (others)
  An orc (D:9)
  5 plants (D:10)
6 creatures vanquished.

Grand Total: 332 creatures vanquished

Notes
Turn   | Place    | Note
-------+----------+-------------------------------------------
     0 | D:1      | ytrimaz the Demonspawn Monk began the quest for the Orb.
     0 | D:1      | Reached XP level 1. HP: 18/18 MP: 1/1
   185 | D:1      | Gained mutation: You have large cloven feet. [demonic
                  | ancestry]
   185 | D:1      | Reached XP level 2. HP: 24/24 MP: 2/2
   331 | D:1      | Reached skill level 3 in Polearms
   742 | D:1      | Reached XP level 3. HP: 29/29 MP: 3/3
   924 | D:2      | Identified the +4 ring mail of the Undertaker {*Slow rC+++
                  | Dex+4 SInv}
  1286 | D:2      | Reached skill level 1 in Armour
  1342 | D:2      | Gained mutation: You are partially covered in thin metallic
                  | scales. (AC +2) [demonic ancestry]
  1342 | D:2      | Reached XP level 4. HP: 36/36 MP: 4/4
  1701 | D:3      | Found an opulent altar of Gozag.
  1735 | D:3      | Found a faded altar of an unknown god.
  1754 | D:3      | Reached skill level 4 in Polearms
  1754 | D:3      | Reached XP level 5. HP: 42/42 MP: 5/5
  1917 | D:3      | Found a burning altar of Makhleb.
  1917 | D:3      | Noticed a blizzard demon
  2058 | D:3      | Noticed Terence
  2062 | D:3      | Killed Terence
  2162 | D:3      | Noticed a phantom
  2187 | D:3      | Reached XP level 6. HP: 38/48 MP: 6/6
  2918 | D:4      | Reached skill level 5 in Polearms
  2924 | D:4      | Found a shadowy altar of Dithmenos.
  3111 | D:4      | Found an ornate altar of the Wu Jian Council.
  3111 | D:4      | Found a hide-covered altar of Uskayaw.
  3113 | D:4      | Found a hide-covered altar of Uskayaw.
  3113 | D:4      | Found a shimmering altar of Xom.
  3169 | D:5      | Entered Level 5 of the Dungeon
  3284 | D:5      | Gained mutation: You are partially covered in sharp spines.
                  | [demonic ancestry]
  3284 | D:5      | Reached XP level 7. HP: 54/54 MP: 7/7
  3392 | D:5      | Noticed a shadow
  3398 | D:5      | Killed a shadow
  3563 | D:5      | Got Sif Muna's Papyrus of the Flamy Frostbite
  3568 | D:5      | Found a radiant altar of Vehumet.
  3988 | D:5      | Found Poan's Distillery.
  4001 | D:5      | Bought a potion of degeneration for 11 gold pieces
  4001 | D:5      | Bought a potion of haste for 110 gold pieces
  4001 | D:5      | Bought a potion of attraction for 33 gold pieces
  4030 | D:5      | Found Nitemul's One-of-a-Kind Rings.
  4138 | D:6      | Noticed a steam dragon
  4194 | D:6      | Killed a steam dragon
  4195 | D:6      | Reached skill level 6 in Polearms
  4215 | D:6      | Noticed Eustachio
  4227 | D:6      | Killed Eustachio
  4228 | D:6      | Reached skill level 5 in Armour
  4228 | D:6      | Reached XP level 8. HP: 61/61 MP: 8/8
  4658 | D:6      | Reached skill level 7 in Polearms
  4868 | D:7      | Found Ocushris's Antique Weapon Boutique.
  4880 | D:7      | Reached skill level 5 in Fighting
  4947 | D:7      | Found a snail-covered altar of Cheibriados.
  4999 | D:7      | Noticed a troll
  5018 | D:7      | Killed a troll
  5019 | D:7      | Gained mutation: You are mostly covered in thin metallic
                  | scales. (AC +3) [demonic ancestry]
  5019 | D:7      | Reached XP level 9. HP: 34/68 MP: 9/9
  5030 | D:7      | Found a sand-covered staircase.
  5054 | Ossuary  | Entered an ossuary
  5368 | D:7      | Reached skill level 8 in Polearms
  5551 | D:7      | Found a staircase to the Ecumenical Temple.
  5802 | D:7      | Reached skill level 9 in Polearms
  5802 | D:7      | Found a blossoming altar of Fedhas.
  6029 | Temple   | Entered the Ecumenical Temple
  6244 | Temple   | Became a worshipper of Dithmenos the Shadowed
  6244 | Temple   | Reached * piety under Dithmenos
  6244 | Temple   | Reached ** piety under Dithmenos
  6444 | D:8      | Reached skill level 1 in Invocations
  6557 | D:8      | Noticed Maggie
  6566 | D:8      | Killed Maggie
  6567 | D:8      | Reached skill level 5 in Dodging
  6567 | D:8      | Reached XP level 10. HP: 69/77 MP: 9/11
  6661 | D:8      | Found a staircase to the Lair.
  7061 | D:8      | Found a basalt altar of Yredelemnul.
  7294 | D:8      | Identified a scroll of acquirement
  7315 | Lair:1   | Entered Level 1 of the Lair of Beasts
  7375 | D:9      | Found a stormy altar of Qazlal.
  7669 | D:9      | Found an ornate altar of the Wu Jian Council.
  7684 | D:9      | Noticed Amaemon
  7684 | D:9      | Noticed an orange demon
  7704 | D:9      | Killed an orange demon
  7721 | D:9      | Killed Amaemon
  7721 | D:9      | Reached *** piety under Dithmenos
  7722 | D:9      | Reached skill level 10 in Polearms
  7798 | D:9      | Noticed a two-headed ogre
  7799 | D:9      | Noticed a two-headed ogre
  7833 | D:9      | Killed a two-headed ogre
  7838 | D:9      | Killed a two-headed ogre
  7937 | D:9      | Gained mutation: Spells you cast may paralyse adjacent
                  | enemies. [demonic ancestry]
  7937 | D:9      | Reached XP level 11. HP: 84/84 MP: 14/14
  7990 | D:9      | Reached skill level 5 in Invocations
  8511 | D:9      | Found a staircase to the Orcish Mines.
  8624 | D:10     | Entered Level 10 of the Dungeon
  8819 | D:10     | Found a runed translucent gate.
  8887 | D:10     | Found a runed translucent gate.
  8887 | D:10     | Found a runed translucent gate.
  8890 | D:10     | Noticed sirJeffrey23's ghost (journeyman DsMo)
  8967 | D:10     | Noticed a two-headed ogre
  8977 | D:10     | Killed a two-headed ogre
  9894 | D:11     | Found Mokla's General Store.
  9898 | D:11     | Found Igashyt's Specific Store.
  9926 | D:11     | Found Beanni's Neck Hole.
  9966 | D:11     | Reached skill level 5 in Stealth
 10100 | D:11     | Reached **** piety under Dithmenos
 10180 | D:11     | Noticed a two-headed ogre
 10186 | D:11     | Killed a two-headed ogre
 10351 | D:11     | Noticed a six-headed hydra
 10592 | D:11     | Acquired 806 gold pieces
 10671 | Orc:1    | Entered Level 1 of the Orcish Mines
 10671 | Orc:1    | Found Dujaadgh's Magic Scroll Shoppe.
 10678 | Orc:1    | Noticed an orc sorcerer
 10682 | Orc:1    | Noticed a sun demon
 10690 | Orc:1    | Paralysed by an orc sorcerer for 4 turns
 10696 | Orc:1    | Killed an orc sorcerer
 10703 | Orc:1    | Noticed an orc warlord
 10748 | Orc:1    | Noticed an orc sorcerer
 10752 | Orc:1    | Noticed an orc high priest
 10756 | Orc:1    | Noticed a sun demon
 10759 | D:9      | Reached skill level 11 in Polearms
 10835 | Orc:1    | Noticed an orc sorcerer
 10839 | Orc:1    | Noticed a sun demon
 10839 | Orc:1    | Noticed a sun demon
 10840 | Orc:1    | Killed an orc sorcerer
 10841 | Orc:1    | Noticed a sixfirhy
 10841 | Orc:1    | Slain by a sixfirhy

Illustrated notes

Levels and vault maps discovered:
D:1:      minmay_arrival_pointy, layout_basic, minmay_heptomino_h4
D:2:      layout_loops_ring, chequers_serial_rivers_micro_c, st_stairs_12,
          minivault_4, kennysheep_generic_room_8
D:3:      layout_loops_ring, makhleb_altar_promises_db,
          mainiacjoe_overflow_chevrons, serial_forest,
          infiniplex_forest_lined_room_2, infiniplex_forest_clump_curved,
          infiniplex_forest_end_3, infiniplex_forest_corner_1,
          infiniplex_forest_end_1, infiniplex_forest_side_room,
          infiniplex_forest_end_2, hellmonk_ecumenical_altar_lost_god,
          minmay_divided_ellipse, uniq_terence
D:4:      layout_cave_pools, doesnt_xom_only_xom
D:5:      corexii_shantytown, layout_gridville, fiery_altar_vehumet,
          serial_bayou, serial_bayou_pond_b, serial_bayou_shore_b,
          serial_bayou_pond_e, serial_bayou_lagoon_a, serial_bayou_pond_e,
          nicolae_shop_unique_rings, nicolae_stop_n_shop_1
D:6:      layout_gridville, uniq_eustachio
D:7:      layout_basic, mainiacjoe_overflow_alcove_4, kennysheep_slug_shrine,
          temple_statues, serial_shops, nicolae_stop_n_shop_2,
          nicolae_ossuary_entry_ruins
D:8:      layout_loops_cross, mainiacjoe_overflow_tiny_flanked,
          erik_lair_orcish_takeover, kennysheep_boxes, uniq_maggie
D:9:      layout_basic, nicolae_qazlal_style_of_elements, lemuel_tele_altar,
          david_orc_4, uniq_amaemon
D:10:     layout_layer_cave, nicolae_elyvilon_temple_path,
          gammafunk_ghost_nasty_kobolds
D:11:     layout_roguey, nicolae_specific_store,
          nicolae_shop_sticking_my_neck_out
Temple:   minmay_temple_bridge_abc
Lair:1:   layout_long_grid
Orc:1:    layout_caves, serial_shops, nicolae_shop_hallway_stairs,
          nicolae_diamond_shop, nicolae_diamond_shop, mines_bat_river

Skill      XL: |  1  2  3  4  5  6  7  8  9 10 11 |
---------------+----------------------------------+-----
Polearms       | 3 4 5 6 7 9 10 11 | 11.0
Dodging        | 3 4 5 |  5.1
Armour         | 1 2 3 5 6 8 |  8.9
Fighting       | 4 5 6 7 8 |  8.0
Invocations    | 1 4 6 |  6.7
Stealth        | 4 6 |  6.0

Action                   |  1- 3 |  4- 6 |  7- 9 | 10-12 || total
-------------------------+-------+-------+-------+-------++-------
Melee: Spear             |   141 |   145 |   381 |   332 ||   999
       Kick              |    22 |    34 |   118 |   138 ||   312
       Punch             |     1 |       |     5 |     2 ||     8
       Trident           |       |       |       |    38 ||    38
       Bardiche          |       |       |       |    40 ||    40
Throw: Throwing net      |       |       |       |     1 ||     1
Invok: Shadow Step       |       |       |       |     1 ||     1
Evoke: Phantom mirror    |       |       |       |     1 ||     1
  Use: Scroll            |     3 |     8 |     5 |    10 ||    26
       Potion            |       |       |     2 |     7 ||     9
 Stab: Sleeping          |     4 |     4 |     6 |     4 ||    18
       Distracted        |       |       |     1 |       ||     1
       Invisible         |       |       |       |     3 ||     3
Armor: Robe              |     3 |       |       |       ||     3
       Plate armour      |    44 |       |       |       ||    44
       Ring mail         |     8 |    58 |    91 |   168 ||   325
Dodge: Dodged            |    45 |    62 |   161 |   256 ||   524

Table legend: (Time is in decaauts)
 A = Elapsed time spent in this place.
 B = Non-inter-level travel time spent in this place.
 C = Inter-level travel time spent in this place.
 D = Time resting spent in this place.
 E = Time spent auto-exploring this place.
 F = Levels seen in this place.
 G = Mean time per level.
                   A        B        C        D        E       F      G
               +--------+--------+--------+--------+--------+-----+--------+
         Total |  10585 |  10017 |    568 |    650 |   7110 |  15 |  705.7 |
       Dungeon |  10050 |   9502 |    548 |    650 |   6849 |  11 |  913.6 |
        Temple |    236 |    216 |     20 |      0 |    174 |   1 |  236.0 |
          Lair |      1 |      1 |      0 |      0 |      0 |   1 |    1.0 |
  Orcish Mines |     78 |     78 |      0 |      0 |      0 |   1 |   78.0 |
       Ossuary |    217 |    217 |      0 |      0 |     87 |   1 |  217.0 |
               +--------+--------+--------+--------+--------+-----+--------+

Top non-repeatable levels by time:
     D:9: 1371 daAuts
    D:10: 1216 daAuts
     D:7: 1045 daAuts
     D:3: 1014 daAuts
     D:5: 946 daAuts
     D:8: 887 daAuts
     D:1: 879 daAuts
     D:2: 800 daAuts
     D:6: 719 daAuts
    D:11: 710 daAuts
     D:4: 458 daAuts
  Temple: 236 daAuts
 Ossuary: 217 daAuts
   Orc:1: 78 daAuts
  Lair:1: 1 daAuts
